 Dungeon Crawl Stone Soup version 0.31.0-32-g396128a36d (webtiles) character file.

Game seed: 856515754029222390

615 bnorton916 the Magician (level 7, -1/36 HPs)
             Began as a Deep Elf Fire Elementalist on Apr 11, 2024.
             Was an Elder of Zin.
             Slain by a gnoll
             ... wielding a +0 spear
              (4 damage)
             ... on level 5 of the Dungeon.
             The game lasted 00:08:50 (7390 turns).

bnorton916 the Magician (DEFE)                      Turns: 7390, Time: 00:08:52

Health: -1/36      AC:  4    Str:  5    XL:     7   Next: 21%
Magic:  18/18      EV: 12    Int: 22    God:    Zin [****..]
Gold:   227        SH:  0    Dex: 15    Spells: 8/18 levels left

rFire   . . .        (no weapon)
rCold   . . .        (no shield)
rNeg    . . .        a - +1 robe
rPois   .            q - +0 helmet
rElec   .            (no cloak)
rCorr   +            (no gloves)
SInv    .            (no boots)
Will    .....        i - amulet of magic regeneration
Stlth   ++           g - ring of resist corrosion
HPRegen 0.26/turn    (no ring)
MPRegen 0.56/turn

%: no passive effects
@: no status effects
A: no striking features
a: Renounce Religion, Recite, Vitalisation, Imprison, Donate Gold


You were on level 5 of the Dungeon.
You worshipped Zin.
Zin was greatly pleased with you.
You visited 1 branch of the dungeon, and saw 5 of its levels.
You also visited: Ossuary.

You collected 252 gold pieces.
You donated 25 gold pieces to Zin.

Inventory:

Hand Weapons
 f - a +1 short sword of speed
Armour
 a - a +1 robe (worn)
 l - a +0 buckler
 q - a +0 helmet (worn)
Jewellery
 g - a ring of resist corrosion (left hand)
 i - an amulet of magic regeneration (around neck)
Wands
 p - a wand of mindburst (9)
 r - a wand of flame (16)
Scrolls
 c - a scroll of noise
 k - a scroll of blinking
 m - 3 scrolls of amnesia
 n - a scroll of revelation {unknown}
 s - a scroll of fear
Potions
 b - a potion of magic
 d - a potion of lignification {unknown}
 e - 3 potions of curing {unknown}
 h - 2 potions of enlightenment {unknown}
 j - 3 potions of heal wounds {unknown}
 o - a potion of might {unknown}


   Skills:
 - Level 2.4 Dodging
 - Level 2.4 Stealth
 + Level 6.2 Spellcasting
 + Level 4.5 Conjurations
 + Level 5.5 Fire Magic
 + Level 1.8 Air Magic
 + Level 2.0 Alchemy


You had 8 spell levels left.
You knew the following spells:

 Your Spells              Type           Power      Damage    Failure   Level
a - Foxfire               Conj/Fire      100%       2x1d9     1%          1
b - Scorch                Fire           62%        2d7       1%          2
c - Mephitic Cloud        Conj/Alch/Air  19%        N/A       9%          3
d - Flame Wave            Conj/Fire      28%        2d9       11%         4

Your spell library contained the following spells:

 Spells                   Type           Power      Damage    Failure   Level
 Searing Ray              Conj           52%        2d6       2%          2
 Static Discharge         Conj/Air       40%        3-5/arc   3%          2
 Inner Flame              Hex/Fire       19%        N/A       9%          3
 Volatile Blastmotes      Fire/Tloc      38%        2d13      9%          3
 Hailstorm                Conj/Ice       16%        3d6       11%         3
 Brom's Barrelling Bould  Conj/Erth      16%        2d4       34%         4
 Summon Lightning Spire   Summ/Air       10%        N/A       52%         4
 Starburst                Conj/Fire      14%        6d6       86%         6
 Summon Mana Viper        Hex/Summ       6%         N/A       94%         5
 Conjure Ball Lightning   Conj/Air       10%        3x3d6     98%         6
 Fire Storm               Conj/Fire      14%        8d4       100%        9


Dungeon Overview and Level Annotations

Branches:
Dungeon (5/15)             Temple (0/1) D:5         Ossuary (visited)

Altars:
Makhleb
Wu Jian
Zin
The Shining One

Shops:
D:2 *


Message History

You conjure some foxfire!
The orc barely misses you. The orc closely misses you.
The orc hits you with a +0 whip.
The foxfire hits the orc wizard.
The orc wizard is moderately wounded.
The foxfire hits the orc but does no damage.
The orc is moderately wounded.
The orc barely misses you.
The orc wizard hits you but does no damage.
The orc closely misses you.
The gnoll hits you from afar with a +0 spear.
The orc barely misses you.
Casting: Foxfire (safe; 1% risk of failure)
Confirm with . or Enter, or press ? or * to list all spells.
You conjure some foxfire!
The orc wizard hits you with a +0 dagger.
The orc misses you. x2; The gnoll closely misses you.
The orc misses you.
The foxfire hits the orc but does no damage.
The orc is moderately wounded.
The foxfire hits the orc wizard.
The orc wizard is severely wounded.
The orc hits you but does no damage. The orc hits you with a +0 club.
The orc wizard hits you but does no damage.
The gnoll hits you from afar with a +0 spear. x2
The orc barely misses you.
Casting: Foxfire (safe; 1% risk of failure)
Confirm with . or Enter, or press ? or * to list all spells.
You conjure some foxfire!
The orc wizard casts a spell at you.
You easily resist.
The orc barely misses you. x2; The gnoll barely misses you.
The gnoll hits you from afar with a +0 spear.
The orc hits you with a +0 whip.
* * * LOW HITPOINT WARNING * * *
The foxfire hits the orc wizard.
The orc wizard is almost dead.
The foxfire hits the orc.
You kill the orc!
The orc wizard closely misses you. The orc hits you with a +0 mace.
* * * LOW HITPOINT WARNING * * *
The gnoll hits you from afar with a +0 spear.
You die...

#####.####.# ##.##
#.####.# ######...###
#...##.# ...(...#..$#
###.##.#
#.........#####.##.#
#.##...##.##.......#
##.##...##.##.##.####
#........o..#.##.#
#.....>.g)@...##.#
........goo##.##.#
##.##...##.##.##.#
#.##..)##.##.##.#
............#.##.#
##.##.......#.# #
###.......# .........


You could see an orc wizard, 2 gnolls and 2 orcs.

Vanquished Creatures
  A bullfrog (D:4)
  A scorpion (D:5)
  2 bombardier beetles
  A centaur zombie (Ossuary)
  A hound (D:5)
  A jelly (D:5)
  A human zombie (Ossuary)
  An iguana (D:4)
  An orc wizard (D:3)
  4 hound zombies (Ossuary)
  3 gnolls (D:4)
  6 adders
  4 adder zombies (Ossuary)
  2 ribbon worms (D:4)
  10 orcs
  6 ball pythons
  5 endoplasms
  4 giant cockroaches (D:4)
  3 gnoll zombies (Ossuary)
  10 goblins
  5 hobgoblins
  8 kobolds
  6 quokkas
  5 bats (D:1)
  2 frilled lizards
  2 goblin zombies (D:5)
  3 jackal zombies (Ossuary)
  A kobold zombie (Ossuary)
  6 orc zombies (Ossuary)
  6 rats
111 creatures vanquished.

Vanquished Creatures (others)
  464 foxfires
464 creatures vanquished.

Grand Total: 575 creatures vanquished

Notes
Turn   | Place    | Note
-------+----------+-------------------------------------------
     0 | D:1      | bnorton916 the Deep Elf Fire Elementalist began the quest
                  | for the Orb.
     0 | D:1      | Reached XP level 1. HP: 10/10 MP: 6/6
   202 | D:1      | Reached XP level 2. HP: 15/15 MP: 4/8
  1218 | D:2      | Found Gyuluus's General Store.
  1269 | D:2      | Reached XP level 3. HP: 19/19 MP: 6/10
  1272 | D:2      | Learned a level 2 spell: Scorch
  1733 | D:2      | Found a faded altar of an unknown god.
  1738 | D:2      | Prayed at the altar of an unknown god.
  1738 | D:2      | Became a worshipper of Zin the Law-Giver
  1738 | D:2      | Reached * piety under Zin
  1867 | D:2      | Reached ** piety under Zin
  2117 | D:3      | Reached skill level 4 in Spellcasting
  2117 | D:3      | Reached XP level 4. HP: 24/24 MP: 7/12
  2283 | D:3      | Found a faded altar of an unknown god.
  2283 | D:3      | Found a glowing silver altar of Zin.
  2291 | D:3      | Found a faded altar of an unknown god.
  2316 | D:3      | Found an ornate altar of the Wu Jian Council.
  2334 | D:3      | Found a glowing golden altar of the Shining One.
  3352 | D:4      | Reached XP level 5. HP: 26/28 MP: 9/14
  3397 | D:4      | Identified a scroll of acquirement
  3397 | D:4      | Acquired the Vellum of Phantasms and the Fifth Circle
  3406 | D:4      | Reached skill level 5 in Spellcasting
  3528 | D:4      | Found a burning altar of Makhleb.
  3731 | D:4      | Got Ydustut's Collected Works on Silt and Astrapomancy
  3748 | D:4      | Reached skill level 5 in Fire Magic
  3748 | D:4      | Reached XP level 6. HP: 32/32 MP: 5/16
  3753 | D:4      | Learned a level 3 spell: Mephitic Cloud
  4324 | D:4      | Reached *** piety under Zin
  5554 | D:5      | Entered Level 5 of the Dungeon
  5603 | D:5      | Reached skill level 1 in Alchemy
  5610 | D:5      | Learned a level 4 spell: Flame Wave
  5670 | D:5      | Reached skill level 1 in Air Magic
  5688 | D:5      | Found a sand-covered staircase.
  5721 | Ossuary  | Entered an ossuary
  5741 | Ossuary  | Reached **** piety under Zin
  6183 | Ossuary  | Reached skill level 6 in Spellcasting
  6197 | Ossuary  | Reached XP level 7. HP: 27/36 MP: 18/18
  7369 | D:5      | Found a staircase to the Ecumenical Temple.
  7390 | D:5      | Slain by a gnoll

Illustrated notes

Levels and vault maps discovered:
D:1:      dpeg_arrival_line_fractal, layout_loops_ring
D:2:      layout_basic, chequers_ecumenical_altar_lobes, serial_shops, shop
D:3:      layout_basic, chequers_temple_overflow_minitemple,
          chequers_mini_garden
D:4:      layout_basic, mainiacjoe_overflow_concentric_impassable,
          gup_sewer_entry_bubbles
D:5:      layout_loops_ring, minmay_temple_entry_stoned_glass, enter_ossuary_4,
          dreamdust_princess_corridor

Skill      XL: |  1  2  3  4  5  6  7 |
---------------+----------------------+-----
Conjurations   | 2 3 4 |  4.5
Spellcasting   | 4 5 6 |  6.2
Fire Magic     | 4 5 |  5.5
Alchemy        | 1 2 |  2.0
Air Magic      | 1 |  1.8
Dodging        | |  2.4
Stealth        | |  2.4

Action                     |  1- 3 |  4- 6 |  7- 9 || total
---------------------------+-------+-------+-------++-------
   Cast: Foxfire           |    68 |   168 |    37 ||   273
         Scorch            |     2 |    21 |    19 ||    42
    Use: Scroll            |       |     8 |     1 ||     9
 Armour: Robe              |    12 |    48 |    96 ||   156
  Dodge: Dodged            |     8 |    30 |   100 ||   138
